 Dungeon Crawl Stone Soup version 0.31-a0-1074-g0b22e4e0f1 (webtiles) character file.

Game seed: 8833722812098946186

875 Rune1994 the Trooper (level 7, -5/63 HPs)
             Began as a Minotaur Fighter on Dec 8, 2023.
             Slain by Pikel
             ... wielding a +1 whip of freezing
              (7 damage)
             ... on level 5 of the Dungeon.
             The game lasted 00:23:00 (2981 turns).

Rune1994 the Trooper (Minotaur Fighter)             Turns: 2981, Time: 00:23:01

Health: -5/63      AC:  7    Str: 20    XL:     7   Next: 74%
Magic:  0/15       EV: 10    Int:  5    God:
Gold:   129        SH:  5    Dex: 12    Spells: 6/6 levels left

rFire   . . .        w - +2 short sword (elec)
rCold   . . .        c - +0 buckler
rNeg    . . .        b - +0 scale mail
rPois   .            (helmet restricted)
rElec   .            (no cloak)
rCorr   +            (no gloves)
SInv    .            (no boots)
Will    .....        l - amulet of guardian spirit Stlth
                     r - ring of magical power
HPRegen 0.30/turn    y - ring of resist corrosion
MPRegen 0.14/turn

%: guardian spirit
@: no status effects
A: horns 2, retaliatory headbutt
a: no special abilities


You were on level 5 of the Dungeon.
You visited 1 branch of the dungeon, and saw 5 of its levels.

You collected 129 gold pieces.

Inventory:

Hand Weapons
 a - a +0 long sword
 w - a +2 short sword of electrocution (weapon)
Missiles
 h - 27 stones
 A - 2 throwing nets
Armour
 b - a +0 scale mail (worn)
 c - a +0 buckler (worn)
Jewellery
 l - an amulet of guardian spirit (around neck)
 r - a ring of magical power (left hand)
 x - an amulet of faith
 y - a ring of resist corrosion (right hand)
Talismans
 f - a beast talisman
Wands
 z - a wand of quicksilver (5)
Scrolls
 j - a scroll of enchant armour {unknown}
 k - 4 scrolls of noise {unknown}
 t - 3 scrolls of identify {unknown}
 v - a scroll of revelation {unknown}
 B - a scroll of teleportation {unknown}
 C - a scroll of amnesia {unknown}
Potions
 d - a potion of might
 e - 2 potions of degeneration {unknown}
 g - 5 potions of brilliance {unknown}
 i - 2 potions of heal wounds {unknown}
 m - a potion of berserk rage {unknown}
 n - 3 potions of curing {unknown}
 o - a potion of enlightenment {unknown}
 p - a potion of invisibility {unknown}
 q - 2 potions of magic {unknown}
 s - 4 potions of mutation {unknown}
 u - a potion of lignification {unknown}


   Skills:
 + Level 6.1 Fighting
 + Level 3.4(4.7) Short Blades
 + Level 5.3(6.0) Long Blades
 + Level 5.9 Armour
 + Level 2.1 Dodging
 + Level 0.2 Stealth
 + Level 5.3 Shields


You had 6 spell levels left.
You didn't know any spells.
Your spell library was empty.

Dungeon Overview and Level Annotations

Branches:
Dungeon (5/15)
 Temple: D:4-7

Altars:
Gozag

Shops:
D:1 ::[(

Annotations:
D:5 Pikel


Innate Abilities, Weirdness & Mutations

You have a pair of horns on your head.
You reflexively headbutt those who attack you in melee.


Message History

The lemure is lightly wounded.
The lemure hits you.
You barely miss the lemure. Your headbutt misses the lemure.
The lemure is lightly wounded.
The lemure completely misses you.
You hit the lemure but do no damage.
The lemure is lightly wounded.
You hit the lemure.
The lemure is moderately wounded.
The lemure hits you!
You hit the lemure but do no damage. You headbutt the lemure.
The lemure is moderately wounded.
You block the lemure's attack.
You hit the lemure. Lightning courses through the lemure!
You headbutt the lemure, but do no damage.
The lemure is severely wounded.
The lemure hits you. The lemure closely misses you. You furiously retaliate!
You headbutt the lemure!
You kill the lemure!
That felt strangely unrewarding.
You closely miss the lemure. You headbutt the lemure.
The lemure is lightly wounded.
Pikel zaps a wand.
The bolt of dispelling energy hits you! The lemure misses you.
Pikel zaps a wand.
The bolt of dispelling energy hits you!!
The lemure closely misses you. You furiously retaliate!
You headbutt the lemure!
Pikel zaps a wand.
The bolt of dispelling energy hits you!!
* * * LOW HITPOINT WARNING * * *
The lemure hits you.
* * * LOW HITPOINT WARNING * * *
You hit Pikel but do no damage. Lightning courses through Pikel!
Pikel is moderately wounded.
You closely miss Pikel. Your headbutt misses Pikel.
Pikel is moderately wounded.
Pikel hits you with a +1 whip of freezing!
You die...
Pikel says, "See you in Hell!"

#..#.#
.##
#..#.#
...
#..#.#
...
#..#.#
... #..#
... #..#
... #..#
... #5.#
... #5@#
##
......5K#
.######/#
..# ..#
.... ####
... ####
...


You could see Pikel and 3 lemures.

Vanquished Creatures
  Grinder (D:4)
  An ogre (D:5)
  A lemure (D:5)
  2 phantoms
  A jelly (D:5)
  2 hounds
  A sleepcap (D:5)
  2 orc priests
  2 iguanas (D:5)
  An orc wizard (D:5)
  Robin (D:4)
  4 gnolls (D:5)
  6 adders
  A worm (D:4)
  3 dart slugs
  6 orcs
  3 endoplasms
  10 goblins
  8 hobgoblins
  4 jackals (D:3)
  4 kobolds
  2 quokkas
  3 ball pythons
  2 bats
  A frilled lizard (D:3)
  3 rats
75 creatures vanquished.

Notes
Turn   | Place    | Note
-------+----------+-------------------------------------------
     0 | D:1      | Rune1994 the Minotaur Fighter began the quest for the Orb.
     0 | D:1      | Reached XP level 1. HP: 19/19 MP: 0/0
    22 | D:1      | Found Biroug's Antique Weapon Boutique.
   161 | D:1      | Found Myvuumn's Antique Armour Shoppe.
   190 | D:1      | Found Uzouwaxt's Book Emporium.
   350 | D:1      | Found Vuhuptid's Book Emporium.
   617 | D:2      | Reached XP level 2. HP: 27/27 MP: 1/1
   716 | D:2      | Reached skill level 4 in Fighting
  1189 | D:3      | Found a faded altar of an unknown god.
  1198 | D:3      | Reached XP level 3. HP: 28/33 MP: 2/2
  1231 | D:3      | Found an opulent altar of Gozag.
  1567 | D:4      | Reached XP level 4. HP: 30/41 MP: 3/3
  1714 | D:4      | Noticed Grinder
  1716 | D:4      | Paralysed by Grinder for 4 turns
  1732 | D:4      | Killed Grinder
  1733 | D:4      | Reached skill level 1 in Short Blades
  1733 | D:4      | Reached skill level 5 in Armour
  1733 | D:4      | Reached skill level 1 in Dodging
  1733 | D:4      | Reached XP level 5. HP: 47/47 MP: 4/4
  1733 | D:4      | Reached XP level 6. HP: 55/55 MP: 5/5
  1776 | D:4      | Noticed Robin
  1797 | D:4      | Killed Robin
  1860 | D:4      | Reached skill level 5 in Fighting
  2277 | D:5      | Entered Level 5 of the Dungeon
  2356 | D:5      | Reached skill level 5 in Long Blades
  2361 | D:5      | Reached skill level 5 in Shields
  2361 | D:5      | Reached XP level 7. HP: 25/61 MP: 6/6
  2764 | D:5      | Reached skill level 6 in Fighting
  2969 | D:5      | Noticed Pikel
  2979 | D:5      | HP: 2/63 [lemure[Pikel] (2)]
  2981 | D:5      | Slain by Pikel

Illustrated notes

Levels and vault maps discovered:
D:1:      ebering_trefoil_3fold, layout_basic, serial_shops,
          nicolae_book_shop_shelving, shop, nicolae_shop_scrapyard,
          nicolae_shop_behind_doors, shop
D:2:      layout_rooms
D:3:      layout_loops_ring, nicolae_gozag_cash_rules_everything_around_me,
          dreamdust_ecumenical_altar_grove
D:4:      layout_basic, serial_glass, glass_columns_a, glass_columns_a,
          item_on_display_a, feat_on_display, minmay_strange_pillars,
          uniq_robin, uniq_grinder
D:5:      layout_basic, minmay_misc_feat_plants, uniq_pikel

Skill      XL: |  1  2  3  4  5  6  7 |
---------------+----------------------+-----
Armour         | 4 5 |  5.9
Fighting       | 4 5 6 |  6.1
Shields        | 4 5 |  5.3
Long Blades    | 3 4 5 |  5.3
Short Blades   | 1 2 3 |  3.4
Dodging        | 1 2 |  2.1
Stealth        | |  0.2

Action                     |  1- 3 |  4- 6 |  7- 9 || total
---------------------------+-------+-------+-------++-------
  Melee: Long sword        |    70 |       |       ||    70
         Headbutt          |    11 |    15 |    19 ||    45
         Short sword       |     2 |    77 |    72 ||   151
 Armour: Scale mail        |    45 |    46 |    48 ||   139
  Dodge: Dodged            |    33 |    22 |    27 ||    82
  Block: Buckler           |    21 |    14 |     9 ||    44

Table legend: (Time is in decaauts)
 A = Elapsed time spent in this place.
 B = Non-inter-level travel time spent in this place.
 C = Inter-level travel time spent in this place.
 D = Time resting spent in this place.
 E = Time spent auto-exploring this place.
 F = Levels seen in this place.
 G = Mean time per level.
                   A        B        C        D        E       F      G
               +--------+--------+--------+--------+--------+-----+--------+
         Total |   2976 |   2200 |    776 |    148 |     69 |   5 |  595.2 |
       Dungeon |   2976 |   2200 |    776 |    148 |     69 |   5 |  595.2 |
               +--------+--------+--------+--------+--------+-----+--------+

Top non-repeatable levels by time:
     D:4: 858 daAuts
     D:5: 687 daAuts
     D:1: 602 daAuts
     D:2: 499 daAuts
     D:3: 327 daAuts
